AoeStats
← 貓妖

Arena

508890510Analyzed
4v4 RM · 9d ago on Sep 24, 2026· 67m 1s· 8 players
Game mode
Random Map
Map size
Large (8 player)
Population
200
Speed
Normal
Resources
Standard
Victory
Conquest
Starting age
Dark Age
Ending age
Imperial Age
RankedLock teamsTeams togetherTeam positionsShared explorationLock speedFull tech treeHidden civsTurbo modeCheats
Victory
Defeat
🇹🇼 Saxons · Taiwan
1489
+8
🇹🇼 Cumans · Taiwan
1344
+13
🇹🇼 Turks · Taiwan
1289
+15
🇹🇼 Byzantines · Taiwan
1147
+21
1343
-17
🇺🇸 Portuguese · United States
1294
-15
🇳🇱 Bohemians · Netherlands
1263
-14
🇨🇳 Italians · China
1205
-11
slapstickisfunny
9:18 Loom
11:52 Feudal Age
12:56 Double-Bit Axe
15:47 Castle Age
13:42 Horse Collar
19:56 Wheelbarrow
23:23 Imperial Age
21:12 Bow Saw
24:26 Light Cavalry
25:58 Forging
25:53 Scale Barding Armor
26:28 Bloodlines
26:16 Fletching
31:07 Iron Casting
36:44 Bodkin Arrow
36:50 Padded Archer Armor
37:16 Masonry
38:20 Chemistry
39:35 Bracer
38:57 Crossbowman
40:12 Architecture
40:13 Fortified Wall
39:27 Arbalester
40:52 Murder Holes
41:31 Leather Archer Armor
42:30 Ballistics
42:57 Thumb Ring
42:49 Gold Mining
42:25 Pikeman
42:51 Arson
43:08 Husbandry
43:40 Ring Archer Armor
44:51 Conscription
51:06 Bombard Tower
52:39 Cavalier
55:48 Murder Holes
56:00 Siege Engineers
55:46 Guard Tower
58:09 Two-Man Saw
65:10 Keep
Rene
10:31 Feudal Age
11:29 Double-Bit Axe
14:19 Castle Age
12:25 Horse Collar
15:32 Bow Saw
16:14 Heavy Plow
20:16 Wheelbarrow
19:28 Town Watch
23:43 Hand Cart
28:34 Imperial Age
25:52 Loom
27:17 Chemistry
26:25 Pikeman
27:06 Scale Mail Armor
27:16 Forging
27:32 Squires
28:25 Chain Mail Armor
29:05 Iron Casting
28:37 Halberdier
30:17 Plate Mail Armor
31:15 Padded Archer Armor
32:15 Blast Furnace
32:54 Leather Archer Armor
33:36 Coinage
33:44 Siege Engineers
33:07 Houfnice
40:06 Arson
40:52 Ring Archer Armor
43:46 Conscription
45:36 Elite Skirmisher
中贤良师
11:20 Feudal Age
15:11 Castle Age
13:05 Double-Bit Axe
13:53 Stone Mining
20:07 Loom
24:30 Town Watch
42:02 Wheelbarrow
48:09 Gold Mining
49:15 Hand Cart
50:12 Stone Shaft Mining
51:05 Squires
50:26 Pikeman
54:52 Scale Mail Armor
哥们这瓜多少钱一斤?
10:47 Feudal Age
14:27 Castle Age
12:23 Double-Bit Axe
12:24 Horse Collar
15:37 Bow Saw
23:20 Wheelbarrow
27:46 Imperial Age
25:42 Hand Cart
25:51 Scale Mail Armor
26:05 Squires
25:51 Arson
26:23 Gold Mining
26:20 Loom
27:03 Chain Mail Armor
27:27 Forging
27:42 Stone Mining
27:57 Heavy Plow
28:51 Iron Casting
29:15 Plate Mail Armor
30:17 Blast Furnace
30:12 Pikeman
31:19 Halberdier
33:20 Elite Varangian Guard
34:34 Conscription
33:47 Cranequins
34:34 Fletching
34:47 Padded Archer Armor
35:15 Husbandry
35:26 Bloodlines
35:46 Bodkin Arrow
36:11 Leather Archer Armor
35:38 Light Cavalry
36:11 Heavy Mounted Crossbowman
38:22 Chemistry
38:33 Ballistics
39:45 Bracer
40:17 Ring Archer Armor
41:49 Siege Engineers
43:09 Scale Barding Armor
43:41 Murder Holes
43:26 Treadmill Crane
45:11 Masonry
47:08 Architecture
48:23 Hussar
49:35 Elite Skirmisher
54:21 Heated Shot
貓妖
10:53 Feudal Age
14:35 Castle Age
12:33 Double-Bit Axe
12:52 Horse Collar
17:14 Bow Saw
18:45 Loom
22:29 Wheelbarrow
22:28 Heavy Plow
22:30 Stone Mining
23:39 Gold Mining
25:37 Hand Cart
26:10 Gold Shaft Mining
26:13 Stone Shaft Mining
31:28 Imperial Age
29:12 Scale Barding Armor
29:18 Forging
30:41 Chain Barding Armor
33:02 Plate Barding Armor
32:44 Logistica
32:57 Conscription
32:55 Elite Cataphract
34:47 Iron Casting
36:00 Treadmill Crane
36:52 Guilds
40:11 Husbandry
40:51 Padded Archer Armor
40:41 Fletching
40:59 Elite Skirmisher
42:58 Chemistry
42:18 Ballistics
44:39 Leather Archer Armor
44:20 Bodkin Arrow
46:04 Ring Archer Armor
47:11 Hoardings
47:19 Bracer
48:11 Caravan
52:03 Two-Man Saw
51:36 Crop Rotation
61:54 Coinage
戳中之霸 DY能兒
11:36 Feudal Age
15:23 Castle Age
13:45 Double-Bit Axe
20:21 Imperial Age
18:09 Gold Mining
18:59 Loom
19:20 Horse Collar
31:52 Wheelbarrow
31:29 Bow Saw
34:22 Hand Cart
36:59 Stone Mining
39:43 Padded Archer Armor
39:35 Fletching
40:56 Leather Archer Armor
41:25 Bodkin Arrow
41:47 Leather Archer Armor
42:47 Two-Man Saw
42:16 Bracer
43:36 Parthian Tactics
44:35 Husbandry
45:18 Gold Shaft Mining
45:56 Thumb Ring
46:25 Ballistics
45:45 Treadmill Crane
48:38 Bloodlines
49:03 Ring Archer Armor
49:08 Conscription
49:15 Sipahi
50:37 Scale Barding Armor
52:05 Heavy Plow
52:34 Forging
52:52 Chain Barding Armor
53:57 Caravan
54:46 Iron Casting
59:31 Artillery
61:58 Plate Barding Armor
61:11 Heavy Cavalry Archer
67:16 Blast Furnace
高德納
10:37 Feudal Age
14:09 Castle Age
13:01 Double-Bit Axe
12:57 Horse Collar
13:58 Loom
15:18 Bow Saw
19:00 Scale Mail Armor
25:00 Wheelbarrow
25:46 Chain Mail Armor
26:39 Forging
27:45 Heavy Plow
29:56 Hand Cart
29:27 Town Watch
31:06 Gold Mining
31:06 Stone Mining
33:58 Imperial Age
31:45 Fletching
32:22 Bodkin Arrow
32:27 Padded Archer Armor
34:14 Ballistics
33:30 Crossbowman
34:31 Thumb Ring
34:42 Bracer
35:43 Chemistry
35:33 Block Printing
34:45 Clerical Recruitment
35:34 Arbalester
38:09 Elite Skirmisher
39:13 Masonry
39:09 Siege Engineers
40:18 Redemption
41:07 Illumination
41:08 Sanctity
41:43 Theocracy
42:35 Coinage
45:09 Caravan
46:20 Leather Archer Armor
47:46 Ring Archer Armor
51:54 Fortified Wall
52:15 Architecture
51:26 Treadmill Crane
53:59 Plate Mail Armor
54:05 Iron Casting
55:20 Banking
55:22 Elite Hearth Troop
56:27 Conscription
56:20 Elite Hearth Troop
57:36 Hoardings
56:55 Shield Wall
59:32 Arson
59:48 Squires
60:55 Gold Shaft Mining
烏雲中
5:41 Loom
9:14 Feudal Age
9:54 Double-Bit Axe
11:44 Wheelbarrow
11:41 Horse Collar
20:50 Castle Age
19:00 Scale Barding Armor
19:10 Bloodlines
20:01 Forging
22:13 Bow Saw
21:36 Capped Ram
23:00 Chain Barding Armor
24:05 Iron Casting
26:28 Fletching
30:58 Heavy Plow
31:15 Hand Cart
37:04 Imperial Age
35:56 Town Watch
36:07 Bodkin Arrow
37:25 Cavalier
39:15 Plate Barding Armor
39:41 Blast Furnace
40:49 Padded Archer Armor
41:30 Conscription
41:13 Gold Mining
40:54 Light Cavalry
42:57 Conscription
41:58 Elite Kipchak
42:47 Hussar
44:05 Leather Archer Armor
45:54 Onager
49:29 Siege Onager
51:24 Crop Rotation
52:59 Ring Archer Armor
53:52 Paladin
Connection lost

Rejoining the realm…

Still unreachable

The connection could not be restored.

Session expired

The server has moved on; the page needs a fresh start.